 Dungeon Sprint DCSS version 0.26.1-2-gb8aa6d0cf2 (webtiles) character file.

Game seed: 17522318365258384108

8500000 Groucho the Intangible (level 27, -57/138 (174) HPs)
             Began as a Spriggan Abyssal Knight on Feb 21, 2021.
             Was the Champion of Makhleb.
             Killed from afar by a wretched soul (92 damage)
             ... with a bolt of negative energy
             ... in the Dungeon (Sprint VIII: "Arena of Blood").
             The game lasted 00:04:50 (85 turns).

Groucho the Intangible (Spriggan Abyssal Knight)      Turns: 85, Time: 00:04:50

HP:   -57/138 (174) AC:  4    Str:  8    XL:     27
MP:   28/41         EV: 44    Int: 16    God:    Makhleb [******]
Gold: 0             SH:  0    Dex: 26    Spells: 52/52 levels left

rFire    . . .     SeeInvis +   i - +∞ Axe of Woe
rCold    . . .     Faith    .   (shield currently unavailable)
rNeg     . . .     Spirit   .   b - +0 robe
rPois    .         Reflect  .   (helmet restricted)
rElec    .         Harm     .   (no cloak)
rCorr    .         Rampage  .   (gloves unavailable)
Will     ++++.     NoTele   +   (boots unavailable)
Stlth    ++++++++++             (no amulet)
HPRegen  0.33/turn              j - +30 ring of slaying
MPRegen  0.27/turn              k - +30 ring of slaying

@: heavily drained, very quick
A: very small, unfitting armour, see invisible, speed 3
a: Renounce Religion, Minor Destruction, Lesser Servant of Makhleb, Major
Destruction, Greater Servant of Makhleb


You were in the Dungeon.
You worshipped Makhleb.
Makhleb was exalted by your worship.
You visited 1 branch

Inventory:

Hand Weapons
 a - a +1 hand axe
 i - the +∞ Axe of Woe (weapon)
   (You found it in the Dungeon)
 m - a +9 battleaxe
Armour
 b - a +0 robe (worn)
Jewellery
 j - a +30 ring of slaying (left hand)
 k - a +30 ring of slaying (right hand)
 l - a +30 ring of slaying
 n - a +30 ring of slaying
 o - a +100 ring of slaying
 p - a +250 ring of slaying
 q - a +200 ring of slaying
 r - a +200 ring of slaying
 s - a +100 ring of slaying
 t - a +100 ring of slaying
Scrolls
 h - a scroll of blinking
Potions
 c - a potion of curing
 d - a potion of heal wounds
 e - a potion of haste
 f - 2 potions of magic
 g - a potion of berserk rage


   Skills:
 O Level 27 Fighting
 O Level 27 Short Blades
 O Level 27 Long Blades
 O Level 27 Axes
 O Level 27 Maces & Flails
 O Level 27 Polearms
 O Level 27 Staves
 O Level 27 Slings
 O Level 27 Bows
 O Level 27 Crossbows
 O Level 27 Throwing
 O Level 27 Armour
 O Level 27 Dodging
 O Level 27 Stealth
 O Level 27 Shields
 O Level 27 Unarmed Combat
 + Level 13.1 Spellcasting
 + Level 13.1 Hexes
 + Level 15.2 Translocations
 + Level 14.2 Transmutations
 + Level 11.3 Poison Magic
 O Level 27 Invocations
 O Level 27 Evocations


You had 52 spell levels left.
You didn't know any spells.
Your spell library was empty.

Dungeon Overview and Level Annotations

Branches:
Dungeon (1/1)

Altars:
Makhleb


Innate Abilities, Weirdness & Mutations

You are very small and have problems with some larger weapons.
You are too small for most types of armour.
You have supernaturally acute eyesight. (SInv)
You cover ground extremely quickly.


Message History

You kill the bag of meat!
Makhleb accepts your kill.
You feel better.
You hear a shout! x2
The meat berserker rages.
The wretched soul is engulfed in blazing flames.
The wretched soul breathes negative energy at you.
The bolt of negative energy hits you!!!
You feel drained.
You hear a shout!
The eight-headed meat hydra calls on the powers of darkness!
The eight-headed meat hydra convulses!
The meat berserker convulses!
Your body is wracked with pain!
* * * LOW HITPOINT WARNING * * *
The bag of meat convulses!
You hear a shout!
The wretched soul breathes negative energy at you.
The bolt of negative energy hits you!!!!
You feel drained.
Ouch! That really hurt!
You die...

..o...... #...
...# . #... ...#
. .O###...
...###..
o.....###.......
....W°☼°)§......
#.)W)§# #°)§)_#
#.)@))#
.....WO)_).......
.....W.###.......
..###... .D.###..
. #... ..O# .
#... ...#
....o...o ....
....


You could see an eight-headed meat hydra, a large bag of meat (inner flame), 2
wretched souls, 2 dreads, a meat berserker (berserk) and a bag of meat.

Vanquished Creatures
  A hell beast (D)
  A wraith (D)
  7 vampire knights (D)
  16 ogres (D)
  4 two-headed ogres (D)
  3 liches (D)
  24 orcs (D)
  4 skeletal warriors (D)
  3 large abominations (D)
  2 small abominations (D)
  6 crawling corpses (D)
71 creatures vanquished.

Vanquished Creatures (others)
  3 crawling corpses (D)
3 creatures vanquished.

Grand Total: 74 creatures vanquished

Notes
Turn   | Place    | Note
-------+----------+-------------------------------------------
     0 | D        | Found the +∞ Axe of Woe
     0 | D        | Groucho the Spriggan Abyssal Knight began the quest for the
                  | Orb.
     0 | D        | Reached XP level 1. HP: 11/11 MP: 3/3
     0 | D        | Noticed a meat berserker
     0 | D        | Noticed a bag of meat
     4 | D        | Fell from the grace of Lugonu
     4 | D        | Became a worshipper of Makhleb the Destroyer
     6 | D        | Noticed a meat berserker
     7 | D        | Killed a bag of meat
     7 | D        | Killed a meat berserker
     7 | D        | Reached * piety under Makhleb
     8 | D        | Reached skill level 27 in Dodging
     8 | D        | Reached XP level 2. HP: 16/16 MP: 4/4
     8 | D        | Reached XP level 3. HP: 19/19 MP: 5/5
     8 | D        | Reached XP level 4. HP: 23/23 MP: 6/6
     8 | D        | Reached XP level 5. HP: 27/27 MP: 7/7
     8 | D        | Reached XP level 6. HP: 32/32 MP: 8/8
     8 | D        | Reached XP level 7. HP: 35/35 MP: 9/9
     8 | D        | Reached XP level 8. HP: 39/39 MP: 10/10
     8 | D        | Reached XP level 9. HP: 43/43 MP: 11/11
     8 | D        | Reached XP level 10. HP: 47/47 MP: 12/12
     8 | D        | Reached XP level 11. HP: 51/51 MP: 13/13
     8 | D        | Reached XP level 12. HP: 56/56 MP: 14/14
     8 | D        | Reached XP level 13. HP: 59/59 MP: 15/15
     8 | D        | Killed a meat berserker
     9 | D        | Reached skill level 27 in Axes
     9 | D        | Reached XP level 14. HP: 66/66 MP: 15/18
    12 | D        | Noticed a bag of meat
    12 | D        | Noticed a bag of meat
    13 | D        | Noticed a bag of meat
    13 | D        | Noticed a bag of meat
    14 | D        | Noticed a bag of meat
    18 | D        | Noticed a bag of meat
    19 | D        | Noticed a large bag of meat
    20 | D        | Noticed a meat berserker
    20 | D        | Killed a bag of meat
    20 | D        | Noticed a meat berserker
    20 | D        | Noticed a bag of meat
    21 | D        | Reached XP level 15. HP: 78/78 MP: 16/23
    22 | D        | Noticed a meat berserker
    22 | D        | Reached ** piety under Makhleb
    24 | D        | Reached XP level 16. HP: 93/93 MP: 16/29
    24 | D        | Reached *** piety under Makhleb
    25 | D        | Reached skill level 15 in Fighting
    25 | D        | Killed a meat berserker
    26 | D        | Reached XP level 17. HP: 105/105 MP: 17/32
    26 | D        | Killed a meat berserker
    28 | D        | Noticed a meat berserker
    29 | D        | Killed a meat berserker
    29 | D        | Reached **** piety under Makhleb
    30 | D        | Reached skill level 15 in Stealth
    30 | D        | Reached XP level 18. HP: 116/116 MP: 17/35
    31 | D        | Noticed a destroyer
    32 | D        | Killed a large bag of meat
    33 | D        | Noticed a large bag of meat
    33 | D        | Noticed a large bag of meat
    34 | D        | Killed a meat berserker
    34 | D        | Noticed a meat berserker
    35 | D        | Reached skill level 27 in Invocations
    35 | D        | Reached XP level 19. HP: 126/126 MP: 18/37
    35 | D        | Noticed a destroyer
    36 | D        | Killed a destroyer
    36 | D        | Reached ***** piety under Makhleb
    37 | D        | Reached skill level 27 in Stealth
    40 | D        | Killed a destroyer
    41 | D        | Reached skill level 27 in Fighting
    41 | D        | Reached skill level 27 in Armour
    41 | D        | Reached XP level 20. HP: 137/137 MP: 19/38
    41 | D        | Noticed a destroyer
    43 | D        | Reached skill level 15 in Unarmed Combat
    44 | D        | Killed a meat berserker
    45 | D        | Reached skill level 27 in Evocations
    45 | D        | Reached XP level 21. HP: 142/142 MP: 20/39
    45 | D        | Reached ****** piety under Makhleb
    48 | D        | Killed a large bag of meat
    48 | D        | Killed a large bag of meat
    49 | D        | Reached skill level 27 in Unarmed Combat
    50 | D        | Noticed a tyrant
    51 | D        | Reached skill level 10 in Maces & Flails
    51 | D        | Reached skill level 10 in Polearms
    51 | D        | Reached skill level 10 in Staves
    51 | D        | Reached XP level 22. HP: 148/148 MP: 21/40
    51 | D        | Killed a destroyer
    51 | D        | Noticed a destroyer
    54 | D        | Reached skill level 15 in Long Blades
    54 | D        | Killed a destroyer
    55 | D        | Reached XP level 23. HP: 153/153 MP: 22/41
    57 | D        | Killed a tyrant
    58 | D        | Noticed a tyrant
    62 | D        | Noticed a large bag of meat
    65 | D        | Noticed a destroyer
    66 | D        | Noticed a large bag of meat
    67 | D        | Reached skill level 27 in Short Blades
    67 | D        | Reached XP level 24. HP: 158/158 MP: 24/41
    67 | D        | Noticed a meat beast
    69 | D        | Noticed a dread
    70 | D        | Noticed a tyrant
    70 | D        | Noticed a destroyer
    71 | D        | Killed a large bag of meat
    72 | D        | Killed a meat beast
    73 | D        | Reached skill level 27 in Long Blades
    73 | D        | Reached XP level 25. HP: 157/163 MP: 26/41
    73 | D        | Killed a destroyer
    73 | D        | Noticed a destroyer
    74 | D        | Reached skill level 27 in Maces & Flails
    74 | D        | Reached skill level 27 in Polearms
    74 | D        | Reached skill level 27 in Staves
    74 | D        | Reached skill level 1 in Slings
    74 | D        | Reached skill level 1 in Bows
    74 | D        | Reached skill level 1 in Crossbows
    74 | D        | Reached skill level 1 in Throwing
    74 | D        | Killed a destroyer
    75 | D        | Reached skill level 10 in Shields
    75 | D        | Reached XP level 26. HP: 169/169 MP: 26/41
    75 | D        | Killed a dread
    78 | D        | Reached skill level 15 in Shields
    78 | D        | Noticed a dread
    79 | D        | Reached XP level 27. HP: 174/174 MP: 27/41
    79 | D        | Killed a tyrant
    79 | D        | Noticed a dread
    80 | D        | Killed a destroyer
    81 | D        | Reached skill level 27 in Slings
    81 | D        | Reached skill level 27 in Bows
    83 | D        | Reached skill level 27 in Crossbows
    83 | D        | Reached skill level 27 in Throwing
    84 | D        | Reached skill level 27 in Shields
    84 | D        | Reached skill level 5 in Spellcasting
    84 | D        | Reached skill level 5 in Hexes
    84 | D        | Reached skill level 5 in Transmutations
    84 | D        | Killed a tyrant
    85 | D        | Reached skill level 15 in Translocations
    85 | D        | Killed from afar by a wretched soul

Illustrated notes

Levels and vault maps discovered:
D:        meatsprint

Skill      XL: |  1  2  3  4  5  6  7  8  9 10 11 12 13 14 15 16 17 18 19 20 21 22 23 24 25 26 27 |
---------------+----------------------------------------------------------------------------------+-----
Axes           | 23 27 | 27.0
Dodging        | 27 | 27.0
Fighting       | 4 8 14 18 21 24 27 | 27.0
Armour         | 2 7 13 16 19 22 27 | 27.0
Invocations    | 4 9 16 20 24 27 | 27.0
Stealth        | 15 26 27 | 27.0
Unarmed Combat | 8 19 27 | 27.0
Evocations     | 12 27 | 27.0
Short Blades   | 14 21 27 | 27.0
Long Blades    | 11 17 22 27 | 27.0
Maces & Flails | 10 16 20 25 27 | 27.0
Polearms       | 10 16 20 25 27 | 27.0
Staves         | 10 16 20 25 27 | 27.0
Slings         | 14 23 27 | 27.0
Bows           | 14 23 27 | 27.0
Crossbows      | 12 20 27 | 27.0
Throwing       | 12 20 27 | 27.0
Shields        | 10 16 27 | 27.0
Spellcasting   | 13 | 13.1
Hexes          | 13 | 13.1
Translocations | 15 | 15.2
Transmutations | 14 | 14.2
Poison Magic   | 11 | 11.3

Action                   |  1- 3 |  4- 6 |  7- 9 | 10-12 | 13-15 | 16-18 | 19-21 | 22-24 | 25-27 || total
-------------------------+-------+-------+-------+-------+-------+-------+-------+-------+-------++-------
Melee: Broad axe         |     1 |       |       |       |     4 |     7 |    10 |    14 |    13 ||    49
Invok: Greater Servant o |       |       |       |       |       |       |       |     1 |       ||     1
Dodge: Dodged            |       |       |       |       |     1 |       |     1 |     2 |     1 ||     5
